 Dungeon Crawl Stone Soup version 0.25.0-9-g26727b657a (webtiles) character file.

Game seed: 2490973494425543833

20329 Infinimo the Earth Mage (level 12, -11/80 HPs)
             Began as a Gargoyle Earth Elementalist on June 20, 2020.
             Was an Elder of Vehumet.
             Mangled by a very large slime creature (29 damage)
             ... on level 12 of the Dungeon on June 21, 2020.
             The game lasted 00:26:31 (17652 turns).

Infinimo the Earth Mage (GrEE)                     Turns: 17652, Time: 00:26:32

Health: -11/80     AC: 15    Str: 19    XL:     12   Next: 78%
Magic:  8/25       EV: 12    Int: 20    God:    Vehumet [****..]
Gold:   699        SH:  0    Dex: 10    Spells: 17/30 levels left

rFire    . . .     SeeInvis .   i - +8 morningstar of Massacring {vorpal, rC+ Str+3}
rCold    + + .     Gourm    .   (no shield)
rNeg     + . .     Faith    .   c - +0 robe
rPois    ∞         Spirit   .   (no helmet)
rElec    +         Reflect  .   (no cloak)
rCorr    .         Harm     .   h - +2 pair of gloves {Str+3}
MR       .....                  n - +1 pair of boots
Stlth    ++........             (no amulet)
HPRegen  0.23/turn              (no ring)
MPRegen  0.19/turn              E - ring of protection from cold

@: no status effects
A: negative energy resistance 1, electricity resistance, unbreathing,
petrification resistance, rot immunity, AC +8
a: Renounce Religion


You were on level 12 of the Dungeon.
You worshipped Vehumet.
Vehumet was greatly pleased with you.
You were hungry.

You visited 3 branches of the dungeon, and saw 15 of its levels.

You collected 699 gold pieces.

Inventory:

Hand Weapons
 i - the +8 morningstar of Massacring (weapon) {vorpal, rC+ Str+3}
   (You found it on level 5 of the Dungeon)

   It inflicts extra damage upon your enemies.
   It affects your strength (+3).
   It protects you from cold.
Armour
 c - a +0 robe (worn)
 h - a +2 pair of gloves of strength (worn)
 n - a +1 pair of boots (worn)
Jewellery
 E - a ring of protection from cold (right hand)
Wands
 k - a wand of polymorph (1)
 o - a wand of random effects (25)
 q - a wand of digging (10)
 z - a wand of iceblast (7)
 A - a wand of flame (22)
 C - a wand of clouds (6)
Scrolls
 a - 3 scrolls of fear
 e - 2 scrolls of random uselessness {unknown}
 f - 5 scrolls of immolation
 m - 2 scrolls of enchant weapon
 r - 4 scrolls of enchant armour
 s - 3 scrolls of identify
 w - 2 scrolls of amnesia
 x - 5 scrolls of remove curse
 y - 3 scrolls of magic mapping
 G - a scroll of silence {unknown}
Potions
 g - 3 potions of curing
 j - 2 potions of haste
 l - 3 potions of lignification
 p - 7 potions of degeneration {unknown}
 t - 2 potions of brilliance {unknown}
 u - 3 potions of magic {unknown}
 v - 2 potions of mutation {unknown}
 B - a potion of might
 D - a potion of resistance {unknown}
 F - a potion of flight {unknown}
Comestibles
 d - 26 rations


   Skills:
 + Level 11.0 Fighting
 - Level 1.5 Dodging
 - Level 2.1 Stealth
 + Level 9.6 Spellcasting
 * Level 4.8 Conjurations
 - Level 0.7 Transmutations
 * Level 16.5 Earth Magic


You had 17 spell levels left.
You knew the following spells:

 Your Spells              Type           Power        Failure   Level  Hunger
a - Sandblast             Erth           ######       0%          1    None
b - Stone Arrow           Conj/Erth      ######       1%          3    None
c - Petrify               Tmut/Erth      #####...     1%          4    ##.....
d - Lee's Rapid Deconstr  Erth           ######....   1%          5    #####..

Your spell library contained the following spells:

 Spells                   Type           Power        Failure   Level  Hunger
 Iron Shot                Conj/Erth      ######....   4%          6    ######.
 Freeze                   Ice            #...         1%          1    None
 Passwall                 Tmut/Erth      #####...     1%          2    None
 Frozen Ramparts          Ice            #.....       6%          3    None
 Animate Skeleton         Necr           N/A          7%          1    None
 Apportation              Tloc           #.....       7%          1    None
 Corona                   Hex            #......      7%          1    None
 Pain                     Necr           #...         7%          1    None
 Summon Small Mammal      Summ           #...         7%          1    None
 Hailstorm                Conj/Ice       ###.....     7%          4    ##.....
 Ozocubu's Armour         Chrm/Ice       #.......     22%         3    None
 Vampiric Draining        Necr           #.........   22%         3    None
 Animate Dead             Necr           N/A          56%         4    ##.....
 Summon Ice Beast         Ice/Summ       #.......     56%         4    ##.....
 Agony                    Necr           #.......     89%         5    #####..


Dungeon Overview and Level Annotations

Branches:
Dungeon (13/15)            Temple (1/1) D:5            Lair (0/6) D:11
    Orc (1/2) D:11
 Vaults: D:13-14

Altars:
Ashenzari
Cheibriados
Dithmenos
Elyvilon
Fedhas
Gozag
Hepliaklqana
Kikubaaqudgha
Makhleb
Nemelex Xobeh
Okawaru
Qazlal
Ru
Sif Muna
Trog
Uskayaw
Vehumet
Wu Jian
Xom
Yredelemnul
Zin
The Shining One
Lugonu

Shops:
D:5 *   D:9 *

Portals:
Abyss: D:6

Annotations:
D:10 1 runed translucent door
D:11 2 transporters


Innate Abilities, Weirdness & Mutations

You are resistant to torment.
Your stone body is resilient. (AC +8)
You are immune to poison.
You resist negative energy. (rN+)
You are resistant to electric shocks. (rElec)
You can survive without breathing.
You are immune to petrification.
You are immune to rotting.


Message History

You feel your power returning.
The very large slime creature hits you!!
* * * LOW HITPOINT WARNING * * *
Casting: Stone Arrow (safe; 1% risk of failure)
Confirm with . or Enter, or press ? or * to list all spells.
Aiming: Stone Arrow (safe; 1% risk of failure)
Press: ? - help, Shift-Dir - straight line, f - very large slime creature
Aim: a very large slime creature The stone arrow hits the very large slime creature!!
The very large slime creature is lightly wounded.
The very large slime creature closely misses you.
Casting: Stone Arrow (safe; 1% risk of failure)
Confirm with . or Enter, or press ? or * to list all spells.
Aiming: Stone Arrow (safe; 1% risk of failure)
Press: ? - help, Shift-Dir - straight line, f/p - very large slime creature
Aim: a very large slime creature (lightly wounded)
The stone arrow hits the very large slime creature!
The very large slime creature is moderately wounded.
The very large slime creature hits you!!
You die...

##########†#####.#
#.....#... #.###
#.#####.#.....).
#...#
#..........##...
###.#
#######......... #.#
#......... #.#
#...####.# #.#
##...####.#
#.########<.........
#..@J......#..###..#
############........
#.####... #.#####.#
#........ #######.#
#.. ###


You could see a very large slime creature.

Vanquished Creatures
  Erica (D:10)
  A two-headed ogre (D:10)
  A skeletal warrior (D:12)
  3 ugly things
  A deep elf mage (D:12)
  The ghost of Anaz the Gusty, a novice DgAE (D:5)
  A gargoyle (D:11)
  Maggie (D:7)
  A komodo dragon (D:13)
  5 trolls
  The ghost of Albert the Sneak, a novice FeBe of Trog (D:6)
  Grinder (D:5)
  2 hornets
  10 slime creatures
  2 hippogriffs (D:9)
  Sigmund (D:2)
  A spriggan (D:7)
  A shadow (D:12)
  A wyvern (D:9)
  9 yaks (D:9)
  6 vampire mosquitoes
  Menkaure (D:4)
  4 wargs (D:11)
  2 soldier ants (D:10)
  3 porcupines (D:11)
  8 orc warriors
  2 black bears
  3 phantoms
  7 ice beasts
  An eye of draining (D:12)
  A sky beast (D:7)
  7 ogres
  A hornet zombie (D:11)
  A necrophage (D:9)
  10 centaurs
  A crocodile (D:12)
  2 big kobolds
  2 small abominations (D:6)
  4 gnoll sergeants
  5 bullfrogs
  A wyvern zombie (D:9)
  2 scorpions
  12 killer bees
  6 crimson imps
  2 howler monkeys (D:5)
  A quasit (D:7)
  A bullfrog zombie (D:5)
  A centaur zombie (D:9)
  17 orc priests
  6 hounds
  4 jellies
  A bullfrog skeleton (D:11)
  5 iguanas
  21 orc wizards
  18 worker ants
  2 hound skeletons
  A worker ant zombie (D:8)
  Robin (D:4)
  19 gnolls
  19 adders
  4 shadow imps
  2 adder zombies
  An adder skeleton (D:4)
  3 worms
  3 dart slugs
  3 leopard geckos
  63 orcs
  A ball python (D:2)
  3 bats
  9 giant cockroaches
  15 goblins
  13 hobgoblins
  3 jackals (D:8)
  4 quokkas
  4 frilled lizards
  14 kobolds
  A leopard gecko skeleton (D:6)
  5 rats
407 creatures vanquished.

Vanquished Creatures (others)
  13 fungi (D:11)
  4 plants (D:11)
17 creatures vanquished.

Grand Total: 424 creatures vanquished

Notes
Turn   | Place    | Note
-------+----------+-------------------------------------------
     0 | D:1      | Infinimo the Gargoyle Earth Elementalist began the quest
                  | for the Orb.
     0 | D:1      | Reached XP level 1. HP: 10/10 MP: 3/3
   154 | D:1      | Reached skill level 4 in Earth Magic
   154 | D:1      | Reached XP level 2. HP: 16/16 MP: 5/5
   257 | D:1      | Reached skill level 1 in Fighting
   613 | D:1      | Reached XP level 3. HP: 19/20 MP: 6/6
  1375 | D:2      | Found an opulent altar of Gozag.
  1582 | D:2      | Found a glowing silver altar of Zin.
  1586 | D:2      | Reached XP level 4. HP: 26/26 MP: 5/7
  1591 | D:2      | Noticed Sigmund
  1621 | D:1      | Reached skill level 5 in Earth Magic
  2087 | D:2      | Killed Sigmund
  2087 | D:2      | Reached skill level 6 in Earth Magic
  2087 | D:2      | Reached XP level 5. HP: 16/32 MP: 5/9
  2087 | D:2      | Reached XP level 6. HP: 19/37 MP: 5/10
  2607 | D:3      | Found a white marble altar of Elyvilon.
  2711 | D:3      | Found a shimmering blue altar of Sif Muna.
  2846 | D:3      | Found a hide-covered altar of Uskayaw.
  3805 | D:3      | Reached skill level 7 in Earth Magic
  3805 | D:3      | Reached XP level 7. HP: 18/41 MP: 10/12
  4290 | D:4      | Reached skill level 8 in Earth Magic
  4405 | D:4      | Noticed Robin
  4421 | D:4      | Killed Robin
  4422 | D:4      | Noticed Menkaure
  4532 | D:4      | Killed Menkaure
  4532 | D:4      | Reached XP level 8. HP: 29/48 MP: 6/14
  4934 | D:4      | Found a sacrificial altar of Ru.
  5012 | D:5      | Entered Level 5 of the Dungeon
  5021 | D:5      | Reached skill level 5 in Fighting
  5024 | D:5      | Reached skill level 9 in Earth Magic
  5263 | D:5      | Reached skill level 5 in Spellcasting
  5481 | D:5      | Noticed Grinder
  5482 | D:5      | Found a stormy altar of Qazlal.
  5488 | D:5      | Killed Grinder
  5493 | D:5      | Got a crystal morningstar
  5494 | D:5      | Identified the +8 morningstar of Massacring {vorpal, rC+
                  | Str+3} (You found it on level 5 of the Dungeon)
  5541 | D:5      | Found Teloiziyw's General Store.
  5584 | D:5      | Found a large runed translucent door.
  5587 | D:5      | Noticed Anaz's ghost (novice DgAE)
  5589 | D:5      | Found a large runed translucent door.
  5745 | D:5      | Reached skill level 10 in Earth Magic
  5751 | D:5      | Reached XP level 9. HP: 51/55 MP: 14/17
  6059 | D:5      | Found a staircase to the Ecumenical Temple.
  6139 | D:5      | Killed Anaz's ghost
  6251 | Temple   | Entered the Ecumenical Temple
  6553 | Temple   | Became a worshipper of Vehumet
  6617 | D:6      | Reached skill level 11 in Earth Magic
  6788 | D:6      | Reached * piety under Vehumet
  6788 | D:6      | Offered knowledge of Magic Dart by Vehumet.
  6860 | D:6      | Found a one-way gate to the infinite horrors of the Abyss.
  6860 | D:6      | Noticed Albert's ghost (novice FeBe)
  6865 | D:6      | Noticed a green ugly thing
  7012 | D:6      | Found a transporter.
  7020 | D:6      | Found a transporter.
  7590 | D:6      | Killed a green ugly thing
  7590 | D:6      | Reached skill level 12 in Earth Magic
  7590 | D:6      | Reached XP level 10. HP: 44/63 MP: 11/20
  7594 | D:6      | Killed Albert's ghost
  7754 | D:6      | Identified the +5 mace "Tor Yhot" {distort, Fragile +Inv
                  | rC+++ Str-5}
  7871 | D:7      | Found a shadowy altar of Dithmenos.
  7873 | D:7      | Noticed Maggie
  7884 | D:7      | Killed Maggie
  8073 | D:7      | Learned a level 3 spell: Stone Arrow
  8078 | D:7      | Learned a level 4 spell: Petrify
  8084 | D:7      | Learned a level 5 spell: Lee's Rapid Deconstruction
  8328 | D:7      | Offered knowledge of Searing Ray by Vehumet.
  8527 | D:7      | Reached ** piety under Vehumet
  8614 | D:7      | Found an ornate altar of the Wu Jian Council.
  9093 | D:8      | Reached skill level 13 in Earth Magic
  9719 | D:9      | Offered knowledge of Mephitic Cloud by Vehumet.
  9892 | D:9      | Reached *** piety under Vehumet
  9949 | D:9      | Reached XP level 11. HP: 47/69 MP: 15/22
 10189 | D:9      | Found Ezarut's Lightly-Used Armoury.
 10212 | D:9      | Reached skill level 14 in Earth Magic
 10788 | D:9      | Offered knowledge of Static Discharge by Vehumet.
 11375 | D:10     | Entered Level 10 of the Dungeon
 11665 | D:10     | Noticed Erica
 11684 | D:10     | Killed Erica
 11906 | D:10     | Found a runed translucent door.
 11907 | D:10     | Found a runed translucent door.
 11972 | D:10     | Noticed a two-headed ogre
 11987 | D:10     | Reached **** piety under Vehumet
 12047 | D:10     | Killed a two-headed ogre
 12079 | D:10     | Reached skill level 15 in Earth Magic
 12158 | D:10     | You fall into a shaft and drop 1 floor!
 12173 | D:11     | Offered knowledge of Fulminant Prism by Vehumet.
 12179 | D:11     | Reached skill level 10 in Fighting
 12498 | D:11     | Found a transporter.
 12498 | D:11     | Found a transporter.
 12498 | D:11     | Noticed a white ugly thing
 12500 | D:11     | Found a corrupted altar of Lugonu.
 12501 | D:11     | Noticed a white ugly thing
 12873 | D:11     | Noticed a purple ugly thing
 12888 | D:11     | Killed a purple ugly thing
 12888 | D:11     | Reached XP level 12. HP: 46/77 MP: 20/25
 12927 | D:11     | HP: 2/77 [orc warrior/+2 flail of holy wrath (9)]
 13255 | D:11     | Found a staircase to the Lair.
 13737 | D:11     | Found a staircase to the Orcish Mines.
 14058 | D:11     | Reached ***** piety under Vehumet
 14058 | D:11     | Offered knowledge of Iron Shot by Vehumet.
 14695 | Orc:1    | Entered Level 1 of the Orcish Mines
 14916 | D:12     | Reached skill level 1 in Conjurations
 15097 | D:11     | Reached skill level 16 in Earth Magic
 17536 | D:13     | Noticed a two-headed ogre
 17652 | D:12     | Mangled by a very large slime creature

Illustrated notes

Levels and vault maps discovered:
D:1:      dpeg_arrival_rhombus, layout_loops_ring, minmay_unequal
D:2:      layout_basic, nicolae_gozag_seed_capital, overflow_temple_1_default,
          uniq_sigmund
D:3:      layout_basic, eat_drink_and_be_merry_uskayaw, elyvilon_altar_1,
          lemuel_doored_altar
D:4:      layout_rooms, nicolae_ru_the_path_less_chosen, first_ration,
          uniq_robin, uniq_menkaure
D:5:      layout_basic, temple_doors_cd, ebering_ghost_disaster_area,
          basic_altar, serial_shops, shop_fountains, uniq_grinder
D:6:      layout_cave_pools, gammafunk_ghost_abyssal_escape
D:7:      layout_basic, nicolae_dithmenos_the_darkroom, kennysheep_mini_moat,
          the_bakery, amethyst_killhole, uniq_maggie
D:8:      layout_basic
D:9:      layout_basic, minmay_shop_damaged, mrwooster_statue_mirror
D:10:     lemuel_insect_pit, layout_basic, minmay_hedge_maze, uniq_erica
D:11:     gammafunk_corrupted_shrine, layout_basic,
          grunt_lair_entry_orc_guard_hut, minmay_orc_entry_guard_dogs
D:12:     layout_loops_ring, hangedman_decor_slide_cut, drop_trap
D:13:     layout_basic, hangedman_vaults_entry_quadrant_bands
Temple:   dpeg_chambers_temple
Orc:1:    layout_caves

Skill      XL: |  1  2  3  4  5  6  7  8  9 10 11 12 |
---------------+-------------------------------------+-----
Earth Magic    | 4 6 7 8 10 12 13 15 16 | 16.5
Fighting       | 1 3 4 5 7 8 10 11 | 11.0
Spellcasting   | 3 4 5 6 7 9 |  9.6
Conjurations   | 4 |  4.8
Dodging        | |  1.5
Stealth        | |  2.1
Transmutations | |  0.7

Action                   |  1- 3 |  4- 6 |  7- 9 | 10-12 || total
-------------------------+-------+-------+-------+-------++-------
Melee: Whip              |   120 |   107 |    57 |       ||   284
       Dagger            |       |    27 |     3 |       ||    30
       Morningstar       |       |       |    81 |    88 ||   169
 Cast: Sandblast         |    18 |    46 |   151 |   329 ||   544
       Stone Arrow       |       |       |       |   190 ||   190
  Use: Scroll            |       |     4 |     2 |     9 ||    15
       Potion            |       |     1 |     3 |     5 ||     9
 Stab: Sleeping          |     2 |     2 |       |     3 ||     7
       Distracted        |       |       |       |     1 ||     1
  Eat: Chunk             |     3 |     6 |    11 |    28 ||    48
       Ration            |       |       |       |     1 ||     1
Armor: Robe              |    52 |    68 |    90 |   194 ||   404
       Skin              |       |    34 |    41 |       ||    75
Dodge: Dodged            |    98 |   107 |   106 |   275 ||   586
